 Dungeon Crawl Stone Soup version 0.26-a0-651-gb41185065b (webtiles) character file.

Game seed: 4974951431834684339

7565 loralnil the Martial Artist (level 11, -4/99 HPs)
             Began as a Gnoll Transmuter on Oct 24, 2020.
             Was a High Priest of Cheibriados.
             Killed from afar by an electric eel (11 damage)
             ... with a bolt of electricity
             ... on level 11 of the Dungeon.
             The game lasted 00:22:48 (11455 turns).

loralnil the Martial Artist (Gnoll Transmuter)     Turns: 11455, Time: 00:22:48

Health: -4/99      AC:  8    Str: 24    XL:     11   Next: 17%
Magic:  22/22      EV: 18    Int: 33    God:    Cheibriados [*****.]
Gold:   363        SH:  0    Dex: 35    Spells: 6/25 levels left

rFire    x . .     SeeInvis .     - Unarmed
rCold    + + +     Faith    .   (shield currently unavailable)
rNeg     . . .     Spirit   .   (armour currently unavailable)
rPois    +         Reflect  .   (helmet currently unavailable)
rElec    .         Harm     .   (cloak currently unavailable)
rCorr    .         Rampage  .   (gloves currently unavailable)
MR       .....                  (boots currently unavailable)
Stlth    ++++......             r - amulet of magic regeneration
HPRegen  0.26/turn              G - +6 ring of dexterity (curse)
MPRegen  0.43/turn              y - +6 ring of intelligence

@: ice-form, very slow
A: large, distributed training, strong nose
a: End Transformation, Bend Time, Temporal Distortion, Slouch, Step From Time,
Renounce Religion


You were on level 11 of the Dungeon.
You worshipped Cheibriados.
Cheibriados was extremely pleased with you.
You were a creature of crystalline ice.
You visited 2 branches of the dungeon, and saw 12 of its levels.
You also visited: Sewer.

You collected 363 gold pieces.

Inventory:

Armour
 f - a +0 pair of boots (melded)
 s - a +0 pair of gloves (melded)
 F - a scarf of invisibility (melded)
 J - a +0 robe of resistance (melded)
Jewellery
 d - an uncursed ring of ice
 r - an amulet of magic regeneration (around neck)
 t - a +4 ring of protection
 y - a +6 ring of intelligence (right front paw)
 G - a cursed +6 ring of dexterity (left front paw)
 I - a cursed ring of poison resistance {unknown}
 L - a cursed -4 ring of strength {unknown}
Wands
 g - a wand of acid (9)
 h - a wand of enslavement (6)
 k - a wand of flame (21)
 A - a wand of paralysis (8)
 E - a wand of disintegration (15)
Scrolls
 a - a scroll of brand weapon {unknown}
 e - a scroll of amnesia
 i - 3 scrolls of teleportation
 j - a scroll of enchant armour
 p - 2 scrolls of fog {unknown}
 q - a scroll of fear {unknown}
 v - 4 scrolls of remove curse
 w - 2 scrolls of immolation {unknown}
 x - a scroll of summoning {unknown}
 B - a scroll of random uselessness {unknown}
 C - a scroll of vulnerability {unknown}
 H - a scroll of holy word {unknown}
Potions
 b - a potion of cancellation {unknown}
 c - 2 potions of haste
 l - 3 potions of flight
 m - 2 potions of heal wounds {unknown}
 n - 6 potions of curing
 o - 3 potions of ambrosia {unknown}
 u - a potion of might {unknown}
 z - a potion of magic {unknown}
 D - a potion of resistance {unknown}
 K - a potion of stabbing {unknown}


   Skills:
 + Level 6.6 Fighting
 + Level 6.0 Short Blades
 + Level 6.0 Long Blades
 + Level 6.0 Axes
 + Level 6.0 Maces & Flails
 + Level 6.0 Polearms
 + Level 6.0 Staves
 + Level 6.0 Slings
 + Level 6.0 Bows
 + Level 6.0 Crossbows
 + Level 6.0 Throwing
 + Level 6.0 Armour
 + Level 7.6 Dodging
 + Level 6.0 Stealth
 + Level 6.0 Shields
 + Level 9.0 Unarmed Combat
 + Level 7.9 Spellcasting
 + Level 5.0 Conjurations
 + Level 5.0 Hexes
 + Level 5.0 Summonings
 + Level 5.0 Necromancy
 + Level 5.0 Translocations
 + Level 6.3 Transmutations
 + Level 5.0 Fire Magic
 + Level 5.0 Ice Magic
 + Level 5.0 Air Magic
 + Level 5.0 Earth Magic
 + Level 5.0 Poison Magic
 + Level 6.6 Invocations
 + Level 6.0 Evocations


You had 6 spell levels left.
You knew the following spells:

 Your Spells              Type           Power        Failure   Level
a - Beastly Appendage     Tmut           ######       1%          1
b - Wereblood             Tmut           ######..     1%          2
c - Spider Form           Tmut/Pois      ######....   1%          3
d - Petrify               Tmut/Erth      ######..     3%          4
e - Ice Form              Ice/Tmut       ######..     3%          4
f - Blade Hands           Tmut           ######....   7%          5

Your spell library contained the following spells:

 Spells                   Type           Power        Failure   Level
 Animate Skeleton         Necr           #####.       1%          1
 Apportation              Tloc           #####.       1%          1
 Corona                   Hex            #####..      1%          1
 Summon Small Mammal      Summ           ####         1%          1
 Confusing Touch          Hex            #####...     1%          3
 Gell's Gravitas          Tloc           #####.....   1%          3
 Yara's Violent Unravell  Hex/Tmut       ######....   10%         5
 Metabolic Englaciation   Hex/Ice        #####.....   12%         5


Dungeon Overview and Level Annotations

Branches:
Dungeon (11/15)            Temple (1/1) D:4            Lair (0/6) D:8
  Sewer (visited)
    Orc: D:9-12

Altars:
Cheibriados
Dithmenos
Elyvilon
Gozag
Sif Muna
Trog
Yredelemnul

Shops:
D:11 [

Annotations:
D:7 2 transporters, tilp's ghost, novice SpEn


Innate Abilities, Weirdness & Mutations

Your experience applies equally to all skills.
((You have very sharp teeth.))
Your uncanny sense of smell can sniff out nearby items.


Message History

The electric eel shoots out a bolt of lightning at you!
The bolt of electricity hits you!
* * * LOW HITPOINT WARNING * * *
You pummel the electric eel!! You freeze the electric eel.
You kill the electric eel!
Cheibriados thoroughly appreciates the change of pace.
The electric eel shoots out a bolt of lightning at you!
The bolt of electricity hits you!
* * * LOW HITPOINT WARNING * * *
Okay, then.
You feel better.
The electric eel shoots out a bolt of lightning at you!
The bolt of electricity hits you!
* * * LOW HITPOINT WARNING * * *
The electric eel shoots out a bolt of lightning at you!
The bolt of electricity hits you!
* * * LOW HITPOINT WARNING * * *
The electric eel shoots out a bolt of lightning at you!
The bolt of electricity hits you!
You die...

##≈≈≈≈≈≈.# #≈≈≈≈≈≈≈.#
#≈≈≈≈≈≈≈?## #≈≈≈≈;≈≈..
#≈≈≈≈≈≈;≈# #≈≈......# .
#≈≈.≈≈≈≈.###.≈.
.............≈≈≈≈≈≈≈## #
###.≈..Y≈####;≈≈≈≈≈≈≈###
#.≈...## #≈≈≈≈≈≈≈≈##
##+#...### ##≈≈≈≈≈≈≈≈≈#
#......#.# #≈≈≈≈≈≈≈≈≈≈≈
#........# #≈≈≈≈≈≈≈≈≈#
#......#.# #≈≈≈≈≈≈≈##
#.....##.######≈≈≈†....
#.................≈.###
##+##.##.####.....#...#


You could see 2 electric eels.

Vanquished Creatures
  Erica (D:10)
  An unseen horror (D:10)
  An elephant (D:8)
  2 trolls (D:11)
  A hippogriff (D:8)
  A shadow (D:11)
  A wraith (D:11)
  A wyvern (D:8)
  An orc warrior (D:8)
  3 sky beasts
  3 black bears
  5 ogres
  3 ice beasts
  A phantom (D:7)
  9 centaurs
  2 crocodiles (D:8)
  2 big kobolds
  Blork the orc (D:4)
  3 bullfrogs
  A scorpion (D:8)
  9 killer bees
  3 wights
  A howler monkey (D:6)
  4 electric eels
  2 centaur zombies
  3 jellies
  2 quasits
  5 hounds
  An orc priest (D:5)
  9 orc wizards
  2 bullfrog skeletons
  2 centaur skeletons
  5 iguanas
  8 worker ants
  A killer bee zombie (D:10)
  A hound zombie (D:7)
  2 hound skeletons
  Robin (D:2)
  7 gnolls
  17 adders
  A shadow imp (D:7)
  A white imp (D:9)
  An ufetubus (D:7)
  An ooze (D:4)
  An adder skeleton (D:7)
  2 adder zombies (D:5)
  6 worms
  3 dart slugs
  6 leopard geckos
  28 orcs
  10 giant cockroaches
  12 goblins
  19 hobgoblins
  4 jackals
  4 quokkas
  3 ball pythons
  16 bats
  2 frilled lizards
  A giant cockroach zombie (D:5)
  A jackal skeleton (D:4)
  A jackal zombie (D:5)
  11 kobolds
  A quokka skeleton (D:9)
  9 rats
272 creatures vanquished.

Vanquished Creatures (others)
  6 plants (D:7)
6 creatures vanquished.

Grand Total: 278 creatures vanquished

Notes
Turn   | Place    | Note
-------+----------+-------------------------------------------
     0 | D:1      | loralnil the Gnoll Transmuter began the quest for the Orb.
     0 | D:1      | Reached XP level 1. HP: 17/17 MP: 6/6
   157 | D:1      | Reached XP level 2. HP: 21/23 MP: 5/7
   581 | D:1      | Reached XP level 3. HP: 25/28 MP: 9/9
   583 | D:1      | Reached skill level 5 in Spellcasting
   611 | D:1      | Reached skill level 1 in Invocations
   616 | D:1      | Learned a level 2 spell: Wereblood
   620 | D:1      | Learned a level 3 spell: Spider Form
  1068 | D:2      | Reached skill level 1 in Short Blades
  1068 | D:2      | Reached skill level 1 in Long Blades
  1068 | D:2      | Reached skill level 1 in Axes
  1068 | D:2      | Reached skill level 1 in Maces & Flails
  1068 | D:2      | Reached skill level 1 in Polearms
  1068 | D:2      | Reached skill level 1 in Staves
  1068 | D:2      | Reached skill level 1 in Slings
  1068 | D:2      | Reached skill level 1 in Bows
  1068 | D:2      | Reached skill level 1 in Crossbows
  1068 | D:2      | Reached skill level 1 in Throwing
  1068 | D:2      | Reached skill level 1 in Armour
  1068 | D:2      | Reached skill level 1 in Stealth
  1068 | D:2      | Reached skill level 1 in Shields
  1068 | D:2      | Reached skill level 1 in Evocations
  1083 | D:2      | Reached XP level 4. HP: 32/34 MP: 11/11
  1091 | D:2      | Reached skill level 1 in Conjurations
  1091 | D:2      | Reached skill level 1 in Hexes
  1091 | D:2      | Reached skill level 1 in Summonings
  1091 | D:2      | Reached skill level 1 in Necromancy
  1091 | D:2      | Reached skill level 1 in Translocations
  1091 | D:2      | Reached skill level 1 in Fire Magic
  1091 | D:2      | Reached skill level 1 in Ice Magic
  1091 | D:2      | Reached skill level 1 in Air Magic
  1091 | D:2      | Reached skill level 1 in Earth Magic
  1091 | D:2      | Reached skill level 1 in Poison Magic
  1092 | D:2      | Noticed Robin
  1097 | D:2      | Killed Robin
  1324 | D:2      | Reached XP level 5. HP: 40/40 MP: 10/12
  1602 | D:2      | Learned a level 4 spell: Petrify
  2097 | D:3      | Reached XP level 6. HP: 36/47 MP: 13/13
  2741 | D:3      | Reached skill level 5 in Dodging
  3068 | D:4      | Noticed Blork the orc
  3082 | D:4      | Killed Blork the orc
  3217 | D:4      | Found a glowing drain.
  3234 | Sewer    | Entered a sewer
  3322 | Sewer    | Reached XP level 7. HP: 35/52 MP: 5/15
  3327 | Sewer    | Reached skill level 7 in Unarmed Combat
  3491 | Sewer    | Found a white marble altar of Elyvilon.
  3548 | D:4      | Found a staircase to the Ecumenical Temple.
  3557 | Temple   | Entered the Ecumenical Temple
  3566 | Temple   | Became a worshipper of Cheibriados the Contemplative
  4906 | D:4      | Learned a level 4 spell: Ice Form
  4973 | D:4      | Reached XP level 8. HP: 60/60 MP: 14/16
  5176 | D:5      | Entered Level 5 of the Dungeon
  5279 | D:5      | Learned a level 5 spell: Blade Hands
  5391 | D:5      | Reached * piety under Cheibriados
  6085 | D:6      | Found an opulent altar of Gozag.
  6119 | D:6      | Reached XP level 9. HP: 48/66 MP: 18/18
  6123 | D:6      | Reached skill level 5 in Transmutations
  6164 | D:6      | Got a warped rapier
  6165 | D:6      | Identified the +7 rapier of Ydghioxt {flame, Str+4 Int-4
                  | Stlth+} (You found it on level 6 of the Dungeon)
  6388 | D:6      | Reached ** piety under Cheibriados
  6918 | D:7      | Reached skill level 5 in Fighting
  7175 | D:7      | Reached skill level 8 in Unarmed Combat
  7225 | D:7      | Identified the cursed +1 ring mail the Haunted Elephant
                  | {rC+}
  7225 | D:7      | Identified the +6 kite shield the Sandy Heron {rN+ MR+
                  | MP+9}
  7233 | D:7      | Reached *** piety under Cheibriados
  7236 | D:7      | Noticed tilp's ghost (novice SpEn)
  7328 | D:7      | Found a transporter.
  7335 | D:7      | Found a transporter.
  7856 | D:8      | Reached skill level 5 in Invocations
  7943 | D:8      | Found a staircase to the Lair.
  7943 | D:8      | Noticed an elephant
  8045 | D:8      | Killed an elephant
  8045 | D:8      | Reached XP level 10. HP: 44/75 MP: 20/20
  8055 | D:8      | Reached skill level 5 in Short Blades
  8055 | D:8      | Reached skill level 5 in Long Blades
  8055 | D:8      | Reached skill level 5 in Axes
  8055 | D:8      | Reached skill level 5 in Maces & Flails
  8055 | D:8      | Reached skill level 5 in Polearms
  8055 | D:8      | Reached skill level 5 in Staves
  8055 | D:8      | Reached skill level 5 in Slings
  8055 | D:8      | Reached skill level 5 in Bows
  8055 | D:8      | Reached skill level 5 in Crossbows
  8055 | D:8      | Reached skill level 5 in Throwing
  8055 | D:8      | Reached skill level 5 in Armour
  8055 | D:8      | Reached skill level 5 in Stealth
  8055 | D:8      | Reached skill level 5 in Shields
  8055 | D:8      | Reached skill level 5 in Evocations
  8880 | D:8      | Reached **** piety under Cheibriados
  9993 | D:10     | Entered Level 10 of the Dungeon
 10215 | D:10     | Killed an unseen horror
 10377 | D:10     | Noticed Erica
 10378 | D:10     | Reached ***** piety under Cheibriados
 10389 | D:10     | Killed Erica
 10742 | D:10     | Reached XP level 11. HP: 83/83 MP: 22/22
 10920 | D:10     | Found a shimmering blue altar of Sif Muna.
 11067 | D:11     | Found Cidafaeh's Armour Emporium.
 11148 | D:11     | Reached skill level 9 in Unarmed Combat
 11169 | D:11     | Reached skill level 5 in Conjurations
 11169 | D:11     | Reached skill level 5 in Hexes
 11169 | D:11     | Reached skill level 5 in Summonings
 11169 | D:11     | Reached skill level 5 in Necromancy
 11169 | D:11     | Reached skill level 5 in Translocations
 11169 | D:11     | Reached skill level 5 in Fire Magic
 11169 | D:11     | Reached skill level 5 in Ice Magic
 11169 | D:11     | Reached skill level 5 in Air Magic
 11169 | D:11     | Reached skill level 5 in Earth Magic
 11169 | D:11     | Reached skill level 5 in Poison Magic
 11455 | D:11     | Killed from afar by an electric eel

Illustrated notes

Levels and vault maps discovered:
D:1:      dpeg_arrival_short_road, layout_loops_cross
D:2:      layout_loops_cross, uniq_robin
D:3:      layout_loops_ring, chequers_serial_rivers_micro_c,
          minmay_fractal_squares_gapless_5
D:4:      layout_loops_corners, temple_statues, portal_sewer_entry_d,
          uniq_blork_the_orc
D:5:      layout_loops_cross
D:6:      layout_basic, nicolae_overflow_hidden_temple, minmay_hedge_maze
D:7:      layout_basic, gammafunk_ghost_gnarly_gnolls
D:8:      layout_basic, david_lair_generic, water_maze_lemuel
D:9:      layout_rooms
D:10:     layout_roguey, statue_in_the_mist_lemuel, corexii_hall_statues_i,
          lemuel_blue_sif_altar, uniq_erica
D:11:     layout_basic, serial_shops, shop, uniq_urug, uniq_nergalle
Temple:   nicolae_temple_the_god_donut

Skill      XL: |  1  2  3  4  5  6  7  8  9 10 11 |
---------------+----------------------------------+-----
Spellcasting   | 5 6 7 |  7.9
Invocations    | 1 2 3 4 5 6 |  6.6
Short Blades   | 1 2 3 4 5 6 |  6.0
Long Blades    | 1 2 3 4 5 6 |  6.0
Axes           | 1 2 3 4 5 6 |  6.0
Maces & Flails | 1 2 3 4 5 6 |  6.0
Polearms       | 1 2 3 4 5 6 |  6.0
Staves         | 1 2 3 4 5 6 |  6.0
Slings         | 1 2 3 4 5 6 |  6.0
Bows           | 1 2 3 4 5 6 |  6.0
Crossbows      | 1 2 3 4 5 6 |  6.0
Throwing       | 1 2 3 4 5 6 |  6.0
Armour         | 1 2 3 4 5 6 |  6.0
Stealth        | 1 2 3 4 5 6 |  6.0
Shields        | 1 2 3 4 5 6 |  6.0
Evocations     | 1 2 3 4 5 6 |  6.0
Conjurations   | 1 2 3 4 5 |  5.0
Hexes          | 1 2 3 4 5 |  5.0
Summonings     | 1 2 3 4 5 |  5.0
Necromancy     | 1 2 3 4 5 |  5.0
Translocations | 1 2 3 4 5 |  5.0
Fire Magic     | 1 2 3 4 5 |  5.0
Ice Magic      | 1 2 3 4 5 |  5.0
Air Magic      | 1 2 3 4 5 |  5.0
Earth Magic    | 1 2 3 4 5 |  5.0
Poison Magic   | 1 2 3 4 5 |  5.0
Fighting       | 3 4 5 6 |  6.6
Transmutations | 4 5 6 |  6.3
Dodging        | 5 6 7 |  7.6
Unarmed Combat | 7 8 9 |  9.0

Action                   |  1- 3 |  4- 6 |  7- 9 | 10-12 || total
-------------------------+-------+-------+-------+-------++-------
Melee: Unarmed           |    93 |   173 |   272 |   207 ||   745
       Kick              |    17 |    40 |    21 |       ||    78
       Headbutt          |    17 |    21 |    10 |       ||    48
       Bite              |     4 |    13 |     9 |       ||    26
       Punch             |     1 |     1 |     3 |       ||     5
 Cast: Beastly Appendage |    19 |    29 |     9 |       ||    57
       Spider Form       |       |     6 |    33 |    32 ||    71
       Ice Form          |       |       |     1 |     2 ||     3
  Use: Scroll            |     4 |     3 |     1 |     2 ||    10
       Potion            |       |       |       |     1 ||     1
 Stab: Sleeping          |       |     4 |    13 |     5 ||    22
       Distracted        |       |       |       |     1 ||     1
Armor: Robe              |    21 |     9 |     4 |       ||    34
       Skin              |       |     2 |    10 |    14 ||    26
Dodge: Dodged            |    87 |   104 |   253 |   254 ||   698

Table legend: (Time is in decaauts)
 A = Elapsed time spent in this place.
 B = Non-inter-level travel time spent in this place.
 C = Inter-level travel time spent in this place.
 D = Time resting spent in this place.
 E = Time spent auto-exploring this place.
 F = Levels seen in this place.
 G = Mean time per level.
                   A        B        C        D        E       F      G
               +--------+--------+--------+--------+--------+-----+--------+
         Total |  13959 |  13551 |    408 |    914 |  10322 |  13 | 1073.8 |
       Dungeon |  13620 |  13212 |    408 |    914 |  10050 |  11 | 1238.2 |
        Temple |     17 |     17 |      0 |      0 |      3 |   1 |   17.0 |
         Sewer |    321 |    321 |      0 |      0 |    269 |   1 |  321.0 |
               +--------+--------+--------+--------+--------+-----+--------+

Top non-repeatable levels by time:
     D:8: 2223 daAuts
     D:4: 1740 daAuts
     D:7: 1654 daAuts
    D:10: 1431 daAuts
     D:3: 1264 daAuts
     D:2: 1043 daAuts
     D:6: 1019 daAuts
     D:1: 984 daAuts
     D:5: 941 daAuts
     D:9: 741 daAuts
    D:11: 575 daAuts
   Sewer: 321 daAuts
  Temple: 17 daAuts
